 Dungeon Crawl Stone Soup version 0.25.1-2-g60ff931 (webtiles) character file.

Game seed: 15036483401133817735

28105 Atlas the Frost Mage (level 13, -1/83 HPs)
             Began as an Octopode Ice Elementalist on Aug 2, 2020.
             Was a High Priest of Sif Muna.
             Shot with an arrow by a centaur warrior (28 damage)
             ... on level 14 of the Dungeon.
             The game lasted 00:47:37 (24985 turns).

Atlas the Frost Mage (Octopode Ice Elementalist)   Turns: 24985, Time: 00:47:38

Health: -1/83      AC:  1    Str:  8    XL:     13   Next: 36%
Magic:  20/27      EV: 17    Int: 25    God:    Sif Muna [*****.]
Gold:   690        SH:  0    Dex: 14    Spells: 22/33 levels left

rFire    . . .     SeeInvis .   D - +3 trident of Resourcefulness {speed, rElec Int+3 Dex+2 Stlth+}
rCold    . . .     Gourm    .   (no shield)
rNeg     . . .     Faith    +   (helmet restricted)
rPois    .         Spirit   .   u - amulet of faith
rElec    +         Reflect  .   (no ring)
rCorr    .         Harm     .   (no ring)
MR       .....                  (no ring)
Stlth    ++++++....             (no ring)
HPRegen  0.23/turn              (no ring)
MPRegen  0.20/turn              (no ring)
                                (no ring)
                                (no ring)

@: no status effects
A: almost no armour, stealthy swim, amphibious, 8 rings, constrict 8, camouflage
1, gelatinous body 1
a: Channel Magic, Forget Spell, Divine Exegesis, Renounce Religion


You were on level 14 of the Dungeon.
You worshipped Sif Muna.
Sif Muna was extremely pleased with you.
You were not hungry.

You visited 1 branch of the dungeon, and saw 14 of its levels.

You collected 690 gold pieces.

Inventory:

Hand Weapons
 k - a +0 rapier of speed
 x - the +4 spear "Alabba" {flame, rPois rF+ Str-2 Dex+3}
   (You found it on level 6 of the Dungeon)

   It has been specially enchanted to burn those struck by it, causing extra
   injury to most foes and up to half again as much damage against particularly
   susceptible opponents.
   It affects your strength (-2).
   It affects your dexterity (+3).
   It protects you from fire.
   It protects you from poison.
 D - the +3 trident of Resourcefulness (weapon) {speed, rElec Int+3 Dex+2 Stlth+}
   (You found it on level 9 of the Dungeon)

   Attacks with this weapon are significantly faster.
   It affects your intelligence (+3).
   It affects your dexterity (+2).
   It insulates you from electricity.
   It makes you more stealthy.
Magical Staves
 L - an uncursed staff of energy
Jewellery
 u - an amulet of faith (around mantle)
 N - an uncursed amulet of magic regeneration
 P - an uncursed amulet of regeneration {unknown}
Wands
 e - a wand of digging (1)
 r - a wand of disintegration (18)
 y - a wand of flame (12)
 G - a wand of clouds (1)
 K - a wand of paralysis (4)
 S - a wand of acid (8)
Scrolls
 a - 6 scrolls of remove curse
 d - a scroll of fog
 f - a scroll of immolation {unknown}
 g - 4 scrolls of enchant weapon
 h - 2 scrolls of blinking {unknown}
 i - 8 scrolls of teleportation
 l - 3 scrolls of magic mapping
 o - a scroll of noise {unknown}
 s - a scroll of random uselessness {unknown}
 v - a scroll of vulnerability {unknown}
 B - a scroll of torment {unknown}
 C - 3 scrolls of amnesia
 F - 2 scrolls of enchant armour {unknown}
 H - a scroll of holy word {unknown}
 M - a scroll of acquirement {unknown}
 T - a scroll of fear
 V - 2 scrolls of identify
Potions
 c - a potion of cancellation
 j - 2 potions of ambrosia
 m - a potion of might {unknown}
 n - 4 potions of lignification
 p - a potion of invisibility
 q - 2 potions of haste
 t - 4 potions of flight
 w - a potion of heal wounds
 z - 2 potions of resistance {unknown}
 A - 2 potions of degeneration {unknown}
 E - a potion of mutation {unknown}
 O - a potion of brilliance {unknown}
 Q - a potion of magic {unknown}
 R - 2 potions of stabbing {unknown}
 U - a potion of curing
Miscellaneous
 I - a phantom mirror
Comestibles
 b - 20 rations
 J - 3 chunks of flesh


   Skills:
 + Level 6.1 Fighting
 + Level 4.3 Short Blades
 + Level 9.0 Polearms
 + Level 6.7 Dodging
 + Level 10.1 Stealth
 + Level 10.9 Spellcasting
 + Level 3.2 Charms
 + Level 3.6 Summonings
 + Level 11.3 Ice Magic
 + Level 1.2 Evocations


You had 22 spell levels left.
You knew the following spells:

 Your Spells              Type           Power        Failure   Level  Hunger
a - Freeze                Ice            ####         1%          1    None
b - Frozen Ramparts       Ice            ######       1%          3    None
c - Ozocubu's Armour      Chrm/Ice       ######..     1%          3    None
d - Summon Ice Beast      Ice/Summ       ######..     1%          4    None

Your spell library contained the following spells:

 Spells                   Type           Power        Failure   Level  Hunger
 Summon Small Mammal      Summ           ####         1%          1    None
 Call Imp                 Summ           ####....     1%          2    None
 Ensorcelled Hibernation  Hex/Ice        #####.       1%          2    None
 Call Canine Familiar     Summ           ####....     3%          3    None
 Animate Skeleton         Necr           N/A          4%          1    None
 Beastly Appendage        Tmut           ##....       4%          1    None
 Corona                   Hex            ##.....      4%          1    None
 Pain                     Necr           ##..         4%          1    None
 Shock                    Conj/Air       ##..         4%          1    None
 Hailstorm                Conj/Ice       #####...     4%          4    None
 Ice Form                 Ice/Tmut       #####...     4%          4    None
 Recall                   Summ/Tloc      N/A          6%          3    None
 Summon Guardian Golem    Hex/Summ       ###.....     6%          3    None
 Searing Ray              Conj           ##....       7%          2    None
 Confusing Touch          Hex            ##......     14%         3    None
 Dazzling Flash           Conj/Hex       ##....       14%         3    None
 Mephitic Cloud           Conj/Pois/Air  ##......     14%         3    None
 Static Discharge         Conj/Air       ##......     14%         3    None
 Tukima's Dance           Hex            ##......     14%         3    None
 Vampiric Draining        Necr           ##........   14%         3    None
 Aura of Abjuration       Summ           ####......   28%         5    ####...
 Summon Demon             Summ           ####......   28%         5    ####...
 Animate Dead             Necr           N/A          41%         4    None
 Summon Forest            Summ/Tloc      ###.......   52%         5    ####...
 Summon Mana Viper        Hex/Summ       ###.....     52%         5    ####...
 Agony                    Necr           ##......     77%         5    ####...
 Fireball                 Conj/Fire      ##........   77%         5    ####...
 Irradiate                Conj/Tmut      ##........   77%         5    ####...
 Shadow Creatures         Summ           N/A          83%         6    #####..
 Conjure Ball Lightning   Conj/Air       ##........   100%        6    #####..
 Eringya's Noxious Bog    Tmut/Pois      ##........   100%        6    #####..
 Chain Lightning          Conj/Air       ##........   100%        8    #######
 Dragon's Call            Summ           ####......   100%        9    #######


Dungeon Overview and Level Annotations

Branches:
Dungeon (14/15)            Temple (0/1) D:5            Lair (0/6) D:9
    Orc (0/2) D:11         Vaults (0/5) D:14

Altars:
Cheibriados
Dithmenos
Elyvilon
Fedhas
Gozag
Makhleb
Okawaru
Ru
Sif Muna
Uskayaw
Wu Jian
Xom
Yredelemnul
Lugonu

Annotations:
D:8 2 transporters


Innate Abilities, Weirdness & Mutations

You cannot wear most types of armour.
You are very stealthy in the water. (Stealth+)
You are amphibious.
You can wear up to eight rings at the same time.
You can use your tentacles to constrict eight enemies at once.
Your skin changes colour to match your surroundings (Stealth+).
Your rubbery body absorbs attacks. (AC +1, EV +1)


Message History

The wall freezes the centaur warrior.
The centaur warrior shoots an arrow.
The arrow hits your ice beast!
Your ice beast dies!
You swap places.
The wall freezes the centaur warrior!
The shadow imp resists.
The wall freezes the shadow imp.
The centaur warrior zombie completely resists.
The wall freezes the centaur warrior zombie but do no damage.
The frozen ramparts melt away.
The centaur warrior shoots an arrow.
The arrow misses your ice beast. The arrow hits you!!
You see here an arrow.
You start resting.
The centaur warrior is too close now for your liking.
The centaur warrior wields a +0 longbow.
The centaur warrior shoots an arrow.
The arrow hits your ice beast!!
Your ice beast dies!
A kobold demonologist comes into view. It is wielding a +0 spear.
The centaur warrior shoots an arrow.
The arrow hits you!!
You see here an arrow.
The centaur warrior shoots an arrow.
The arrow hits you!!
You die...

#.###..##.#.......########.#.#
### #..#######.#### #.#.#
#..#....p#..# #.#.##
#..#.....#.## #..#.#.
#..#.....#.# #...(..
#..#.....#.# #...###
..#..#.....#.## #..##
###''#..#''####..## #..#
........K.......@.# #..#
................#.# #..#
###''#..#######(#.# #..# .
#..'5....#.#.# #..#
#.c'.....#.#.# #..# #.Z# #.#.#
#..# #..# #.#.# #..# #Z.#
#c#.## #..# ##.รท#######(#..#
###..#


You could see a centaur warrior.

Vanquished Creatures
  Nessos (D:13)
  Azrael (D:12)
  Josephine (D:10)
  A hydra (D:14)
  2 two-headed ogres
  An orc knight (D:11)
  A deep elf mage (D:13)
  A manticore (D:14)
  2 cyclopes (D:14)
  A gargoyle (D:14)
  Maggie (D:6)
  An efreet (D:14)
  2 trolls
  Prince Ribbit (D:6)
  2 hornets (D:8)
  5 hippogriffs
  Sigmund (D:6)
  A wyvern (D:8)
  3 wraiths (D:9)
  2 fire elementals (D:12)
  2 shadows (D:14)
  A steam dragon (D:12)
  22 yaks
  A hungry ghost (D:8)
  4 vampire mosquitoes
  2 soldier ants
  Duvessa (D:4)
  2 hell hounds (D:12)
  5 orc warriors
  5 sky beasts
  A phantom (D:7)
  2 ice beasts
  2 eyes of draining (D:14)
  A necrophage (D:9)
  7 ogres
  18 centaurs
  2 crocodiles
  5 big kobolds
  5 bullfrogs
  Dowan (D:4)
  3 scorpions
  A water moccasin skeleton (D:5)
  14 killer bees
  2 howler monkeys
  3 wights (D:7)
  21 crimson imps
  3 centaur zombies
  2 jellies
  5 bullfrog zombies
  6 hounds
  5 centaur skeletons
  12 orc priests
  2 gnoll shamans
  5 bullfrog skeletons
  4 iguanas
  16 orc wizards
  15 worker ants
  A hound zombie (D:6)
  12 gnolls
  11 adders
  5 shadow imps
  2 white imps (D:10)
  2 adder skeletons (D:5)
  An adder zombie (D:6)
  A worm (D:8)
  5 dart slugs
  2 leopard geckos
  70 orcs
  2 bats
  4 giant cockroaches
  7 goblins
  10 hobgoblins
  9 jackals
  4 quokkas
  4 frilled lizards
  24 kobolds
  A leopard gecko skeleton (D:4)
  A quokka zombie (D:7)
  7 rats
424 creatures vanquished.

Vanquished Creatures (collateral kills)
  Harold (D:8)
  A hydra (D:14)
  A two-headed ogre (D:11)
  2 cyclopes
  An efreet (D:13)
  A komodo dragon (D:13)
  A centaur simulacrum (D:14)
  2 yaks
  2 wraiths (D:9)
  A fire elemental (D:12)
  A vampire mosquito (D:14)
  An eye of draining (D:11)
  An ogre (D:13)
  3 centaurs
  A wyvern skeleton (D:14)
  A worker ant (D:13)
21 creatures vanquished.

Grand Total: 445 creatures vanquished

Notes
Turn   | Place    | Note
-------+----------+-------------------------------------------
     0 | D:1      | Atlas the Octopode Ice Elementalist began the quest for the
                  | Orb.
     0 | D:1      | Reached XP level 1. HP: 11/11 MP: 3/3
   239 | D:1      | Reached XP level 2. HP: 11/17 MP: 3/5
   766 | D:1      | You fall into a shaft and drop 1 floor!
   878 | D:2      | Found a burning altar of Makhleb.
   884 | D:2      | Reached XP level 3. HP: 21/21 MP: 1/6
   889 | D:2      | Learned a level 3 spell: Frozen Ramparts
  1109 | D:2      | Reached XP level 4. HP: 27/27 MP: 3/8
  1478 | D:2      | Found a hide-covered altar of Uskayaw.
  1611 | D:2      | Learned a level 3 spell: Ozocubu's Armour
  1896 | D:3      | Found an opulent altar of Gozag.
  1962 | D:3      | Reached skill level 5 in Ice Magic
  2256 | D:3      | Reached XP level 5. HP: 31/31 MP: 8/10
  2829 | D:4      | Noticed Dowan
  2840 | D:4      | Reached skill level 1 in Short Blades
  2840 | D:4      | Reached XP level 6. HP: 27/37 MP: 5/11
  2844 | D:4      | Killed Dowan
  2965 | D:4      | Learned a level 4 spell: Summon Ice Beast
  3012 | D:4      | Found a shimmering blue altar of Sif Muna.
  3018 | D:4      | Became a worshipper of Sif Muna the Loreminder
  3071 | D:4      | Reached skill level 1 in Fighting
  3071 | D:4      | Reached XP level 7. HP: 37/43 MP: 9/13
  3289 | D:4      | Found a shimmering altar of Xom.
  3346 | D:4      | Noticed Duvessa
  3359 | D:4      | Killed Duvessa
  3359 | D:4      | Reached skill level 5 in Stealth
  3925 | D:5      | Entered Level 5 of the Dungeon
  3925 | D:5      | Found a sand-covered staircase.
  4175 | D:5      | Reached skill level 5 in Spellcasting
  4175 | D:5      | Reached XP level 8. HP: 29/48 MP: 9/15
  4204 | D:5      | Reached skill level 6 in Ice Magic
  4281 | D:5      | Found a staircase to the Ecumenical Temple.
  4350 | D:5      | Reached * piety under Sif Muna
  4595 | D:5      | Found an ornate altar of the Wu Jian Council.
  4595 | D:5      | Found a blossoming altar of Fedhas.
  4596 | D:5      | Found a shadowy altar of Dithmenos.
  5502 | D:6      | Noticed Maggie
  5505 | D:6      | Noticed Prince Ribbit
  5859 | D:6      | Got a crystal spear
  5914 | D:5      | Identified the +4 spear "Alabba" {flame, rPois rF+ Str-2
                  | Dex+3} (You found it on level 6 of the Dungeon)
  6041 | D:6      | Noticed Sigmund
  6059 | D:6      | Killed Sigmund
  6059 | D:6      | Reached XP level 9. HP: 46/54 MP: 12/18
  6476 | D:6      | Killed Prince Ribbit
  6476 | D:6      | Reached skill level 7 in Ice Magic
  6630 | D:6      | Found a white marble altar of Elyvilon.
  6659 | D:6      | Reached skill level 1 in Polearms
  6786 | D:6      | Killed Maggie
  6947 | D:6      | Found a snail-covered altar of Cheibriados.
  7149 | D:7      | Reached ** piety under Sif Muna
  7994 | D:7      | Reached XP level 10. HP: 26/61 MP: 18/21
  8747 | D:7      | Found an iron altar of Okawaru.
  8750 | D:7      | Reached *** piety under Sif Muna
  9184 | D:7      | Reached skill level 5 in Dodging
  9189 | D:7      | Reached skill level 8 in Ice Magic
  9873 | D:8      | Noticed Harold
  9890 | D:8      | Killed Harold
  9890 | D:8      | Reached skill level 1 in Charms
 10469 | D:8      | Reached **** piety under Sif Muna
 10699 | D:8      | Found a corrupted altar of Lugonu.
 10701 | D:8      | Noticed a purple ugly thing
 10701 | D:8      | Noticed a green ugly thing
 10702 | D:8      | Noticed a white ugly thing
 10772 | D:8      | Noticed a cyan ugly thing
 10773 | D:8      | Found a transporter.
 10774 | D:8      | Found a transporter.
 10852 | D:8      | Reached skill level 5 in Polearms
 10869 | D:8      | Reached skill level 9 in Ice Magic
 10869 | D:8      | Reached XP level 11. HP: 58/68 MP: 19/23
 11830 | D:9      | Found a staircase to the Lair.
 11832 | D:9      | Got a masterwork trident
 11833 | D:9      | Identified the cursed +3 trident of Resourcefulness {speed,
                  | rElec Int+3 Dex+2 Stlth+} (You found it on level 9 of the
                  | Dungeon)
 12220 | D:9      | Found a basalt altar of Yredelemnul.
 12222 | D:9      | Found a sacrificial altar of Ru.
 12265 | D:10     | Entered Level 10 of the Dungeon
 12271 | D:10     | Noticed Josephine
 12273 | D:10     | Reached ***** piety under Sif Muna
 12880 | D:10     | Identified Sif Muna's Volume of Conjuration (Sif Muna
                  | gifted it to you on level 10 of the Dungeon)
 12880 | D:10     | Received a gift from Sif Muna
 13348 | D:10     | Reached skill level 1 in Summonings
 13731 | D:10     | Killed Josephine
 14598 | D:11     | Noticed a two-headed ogre
 14611 | D:11     | Killed a two-headed ogre
 14741 | D:11     | Noticed a two-headed ogre
 14758 | D:11     | Killed a two-headed ogre
 14758 | D:11     | Reached skill level 5 in Fighting
 15355 | D:11     | Reached XP level 12. HP: 77/77 MP: 16/25
 16072 | D:11     | Received a gift from Sif Muna
 16974 | D:11     | Reached skill level 10 in Ice Magic
 17225 | D:11     | Found a staircase to the Orcish Mines.
 18858 | D:12     | Noticed Azrael
 18899 | D:12     | Reached skill level 10 in Spellcasting
 18907 | D:12     | Killed Azrael
 19374 | D:13     | Noticed a two-headed ogre
 20913 | D:13     | Identified Pykhlet's Compendium of Calling (Sif Muna gifted
                  | it to you on level 13 of the Dungeon)
 20913 | D:13     | Received a gift from Sif Muna
 21516 | D:13     | Killed a two-headed ogre
 21669 | D:13     | Noticed Nessos
 21876 | D:13     | Learned a level 3 spell: Tukima's Dance
 22091 | D:13     | Killed Nessos
 22091 | D:13     | Reached skill level 11 in Ice Magic
 22091 | D:13     | Reached XP level 13. HP: 52/83 MP: 12/27
 23131 | D:14     | Reached skill level 10 in Stealth
 23386 | D:14     | Reached skill level 1 in Evocations
 24502 | D:14     | Identified Sif Muna's Reference Book on Viperous
                  | Transformation (Sif Muna gifted it to you on level 14 of
                  | the Dungeon)
 24502 | D:14     | Received a gift from Sif Muna
 24805 | D:14     | Found a gate to the Vaults.
 24805 | D:14     | Noticed an ironheart preserver
 24985 | D:14     | Shot with an arrow by a centaur warrior

Illustrated notes

Levels and vault maps discovered:
D:1:      eino_arrival_cavern_b, layout_basic, chequers_jeans
D:2:      layout_loops_corners, eat_drink_and_be_merry_uskayaw,
          makhleb_blood_cavern_becter
D:3:      layout_basic, grunt_gozag_breadcrumbs
D:4:      layout_loops_cross, nicolae_overflow_crystal_walls, led_sif_pool,
          first_ration, uniq_duvessa
D:5:      layout_basic, gammafunk_temple_overflow_claw,
          minmay_temple_entry_stoned_glass, enter_ossuary_1
D:6:      layout_cave_pools, elyvilon_altar_5, kennysheep_doodads,
          kennysheep_slug_shrine, uniq_sigmund, uniq_prince_ribbit1, uniq_maggie
D:7:      minmay_bubble_buster, layout_basic, okawaru_altar_gauntlet_db
D:8:      gammafunk_corrupted_shrine, layout_rooms, hangedman_pestilent_swarm,
          uniq_harold
D:9:      layout_roguey, chequers_temple_overflow_statue_of_worship,
          lair_entry_dummy, serial_curves, eino_curves_02, eino_curves_03,
          eino_curves_01, eino_curves_02
D:10:     layout_loops_ring, minmay_nine_imps, uniq_josephine
D:11:     minmay_wavy_crystal, layout_stronghold, orc_0_dummy
D:12:     layout_irregular_city, uniq_azrael
D:13:     layout_irregular_city, minmay_misc_feat_columns, uniq_nessos
D:14:     layout_loops_ring, skrybe_vaults_entry_preservation,
          roderic_roman_lattice

Skill      XL: |  1  2  3  4  5  6  7  8  9 10 11 12 13 |
---------------+----------------------------------------+-----
Stealth        | 3 4 5 6 8 9 10 | 10.1
Spellcasting   | 3 4 5 6 7 8 9 10 | 10.9
Ice Magic      | 5 6 7 9 11 | 11.3
Short Blades   | 1 2 4 |  4.3
Fighting       | 1 2 3 5 6 |  6.1
Dodging        | 3 4 5 6 |  6.7
Polearms       | 3 5 7 8 9 |  9.0
Charms         | 1 3 |  3.2
Summonings     | 1 2 3 |  3.6
Evocations     | 1 |  1.2

Action                   |  1- 3 |  4- 6 |  7- 9 | 10-12 | 13-15 || total
-------------------------+-------+-------+-------+-------+-------++-------
Melee: Unarmed           |     3 |     2 |       |       |       ||     5
       Constrict         |     2 |    12 |    31 |    49 |    10 ||   104
       Tentacles         |     1 |     3 |    30 |    66 |    19 ||   119
       Rapier            |       |    39 |   107 |       |       ||   146
       Spear             |       |       |   119 |   167 |       ||   286
       Trident           |       |       |       |   375 |    81 ||   456
 Cast: Freeze            |    31 |    22 |    26 |    18 |       ||    97
       Frozen Ramparts   |       |     8 |    32 |    75 |    19 ||   134
       Ozocubu's Armour  |       |       |    10 |    21 |    10 ||    41
       Summon Ice Beast  |       |       |     2 |    32 |    26 ||    60
Evoke: Wand              |       |       |       |     4 |     8 ||    12
  Use: Potion            |       |       |     2 |     6 |       ||     8
       Scroll            |       |       |       |    17 |       ||    17
 Stab: Sleeping          |       |     5 |     6 |    25 |     3 ||    39
       Distracted        |       |       |     3 |     4 |     1 ||     8
       Paralysed         |       |       |       |     7 |       ||     7
  Eat: Chunk             |     1 |     7 |    10 |    31 |     6 ||    55
       Ration            |       |       |     2 |     4 |     1 ||     7
Armor: Skin              |     3 |     3 |    33 |    25 |     6 ||    70
Dodge: Dodged            |    19 |    34 |   127 |   308 |    46 ||   534
